AoeStats
← datarapues1998

Arabia

503322728Analyzed
1v1 RM · 1mo ago on Aug 31, 2026· 77m 16s· 2 players
Game mode
Random Map
Map size
Tiny (2 player)
Population
200
Speed
Normal
Resources
Standard
Victory
Conquest
Starting age
Dark Age
Ending age
Imperial Age
RankedLock teamsTeams togetherTeam positionsShared explorationLock speedFull tech treeHidden civsTurbo modeCheats
Victory
Defeat
🇨🇴 Spanish · Colombia
1197
+14
🇵🇪 Franks · Peru
1159
-14
Jahm
2:17 Loom
9:04 Feudal Age
10:20 Man-at-Arms
17:33 Double-Bit Axe
20:04 Fletching
21:24 Padded Archer Armor
28:40 Castle Age
27:42 Scale Mail Armor
27:37 Gold Mining
29:01 Crossbowman
31:20 Leather Archer Armor
31:11 Scale Barding Armor
32:11 Bodkin Arrow
32:27 Forging
35:02 Chain Barding Armor
39:37 Stone Mining
40:29 Bow Saw
41:16 Wheelbarrow
43:23 Ballistics
47:56 Imperial Age
46:41 Elite Skirmisher
46:50 Pikeman
48:43 Iron Casting
49:30 Chain Mail Armor
49:47 Cavalier
52:57 Plate Mail Armor
51:49 Halberdier
55:23 Squires
54:56 Light Cavalry
58:27 Blast Furnace
62:12 Plate Barding Armor
62:59 Chemistry
66:05 Hand Cart
73:59 Husbandry
datarapues1998
7:20 Loom
10:36 Feudal Age
10:56 Man-at-Arms
13:36 Double-Bit Axe
17:16 Fletching
22:15 Castle Age
21:36 Padded Archer Armor
25:03 Scale Barding Armor
25:04 Horse Collar
27:51 Bloodlines
32:03 Chain Barding Armor
33:21 Forging
35:43 Wheelbarrow
35:45 Husbandry
35:49 Town Watch
38:36 Gold Mining
39:38 Iron Casting
46:33 Imperial Age
44:13 Stone Mining
45:42 Hand Cart
45:37 Scale Mail Armor
45:00 Pikeman
46:06 Town Patrol
46:53 Heavy Plow
46:52 Cavalier
48:25 Chain Mail Armor
49:02 Squires
49:51 Plate Barding Armor
52:32 Plate Mail Armor
51:46 Elite Skirmisher
52:36 Bodkin Arrow
52:57 Leather Archer Armor
53:30 Conscription
54:13 Blast Furnace
53:04 Gambesons
53:07 Halberdier
55:10 Light Cavalry
55:57 Bracer
56:01 Hussar
57:14 Bow Saw
59:21 Chemistry
62:04 Long Swordsman
62:35 Two-Handed Swordsman
64:41 Two-Man Saw
64:01 Champion
66:55 Ring Archer Armor
66:36 Arson
67:52 Hoardings
69:03 Ballistics
69:48 Paladin
71:22 Capped Ram
73:48 Supremacy
Connection lost

Rejoining the realm…

Still unreachable

The connection could not be restored.

Session expired

The server has moved on; the page needs a fresh start.